Teams
League projects
% Time on Ice - SALEM BLACK JAYS
Lines # - Real PCT - Wanted PCT - Time Play
Normal Forward
1 - 35% - 38% - 17:11
2 - 33% - 32% - 16:09
3 - 23% - 22% - 11:03
4 - 9% - 8% - 4:10
Normal Defense
1 - 34% - 36% - 16:28
2 - 32% - 31% - 15:21
3 - 30% - 23% - 14:48
4 - 4% - 10% - 1:56
PP Forward
1 - 59% - 55% - 3:03
2 - 41% - 45% - 2:05
PP Defense
1 - 51% - 55% - 2:38
2 - 49% - 45% - 2:30
PK Forward
1 - 60% - 55% - 3:34
2 - 40% - 45% - 2:23
PK Defense
1 - 55% - 55% - 3:16
2 - 45% - 45% - 2:41
PK3 Forward
1 - 0% - 55%
2 - 0% - 45%
PK3 Defense
1 - 0% - 55%
2 - 0% - 45%
44 Forward
1 - 0% - 55%
2 - 0% - 45%
44 Defense
1 - 0% - 55%
2 - 0% - 45%
Last Minute Offensive  - 0:22
Last Minute Defensive  - 0:00
Total
Forward - 60:00
Defense - 60:00
% Time on Ice - SAN JOSE BRONCOS
Lines # - Real PCT - Wanted PCT - Time Play
Normal Forward
1 - 38% - 36% - 18:35
2 - 32% - 31% - 15:30
3 - 23% - 23% - 11:18
4 - 7% - 10% - 3:30
Normal Defense
1 - 35% - 36% - 16:52
2 - 34% - 31% - 16:29
3 - 26% - 23% - 12:48
4 - 6% - 10% - 2:44
PP Forward
1 - 52% - 55% - 3:06
2 - 48% - 45% - 2:51
PP Defense
1 - 46% - 55% - 2:43
2 - 54% - 45% - 3:14
PK Forward
1 - 62% - 55% - 3:10
2 - 38% - 45% - 1:58
PK Defense
1 - 56% - 55% - 2:54
2 - 44% - 45% - 2:14
PK3 Forward
1 - 0% - 55%
2 - 0% - 45%
PK3 Defense
1 - 0% - 55%
2 - 0% - 45%
44 Forward
1 - 0% - 55%
2 - 0% - 45%
44 Defense
1 - 0% - 55%
2 - 0% - 45%
Last Minute Offensive  - 0:00
Last Minute Defensive  - 0:02
Total
Forward - 60:00
Defense - 60:00
Play-by-Play 1st period 0:01 of 1st period - Dylan Larkin wins face-off versus Brayden Point in neutral zone. 0:40 of 1st period - Minor Penalty to Jaccob Slavin for Holding. 0:41 of 1st period - Brayden Point wins face-off versus Dylan Cozens in SAN JOSE BRONCOS zone. 1:00 of 1st period - Shot by Mitchell Marner. 1:00 of 1st period - Shot Misses the Net. 1:02 of 1st period - Shot by Joshua Morrissey. 1:02 of 1st period - Stopped by Semyon Varlamov without a rebound. 1:03 of 1st period - Brayden Point wins face-off versus Mathew Barzal in SAN JOSE BRONCOS zone. 2:41 of 1st period - Icing by Mikko Rantanen. 2:42 of 1st period - Theodor Blueger wins face-off versus Jeff Carter in SALEM BLACK JAYS zone. 3:14 of 1st period - Icing by Ilya Mikheyev. 3:15 of 1st period - Dylan Cozens wins face-off versus Brett Leason in SAN JOSE BRONCOS zone. 3:38 of 1st period - Off-side. 3:39 of 1st period - Dylan Larkin wins face-off versus Jack Roslovic in neutral zone. 4:00 of 1st period - Shot by Dylan Larkin. 4:00 of 1st period - Stopped by Semyon Varlamov without a rebound. 4:01 of 1st period - Brayden Point wins face-off versus Dylan Cozens in SAN JOSE BRONCOS zone. 6:42 of 1st period - Shot by Jesper Bratt. 6:42 of 1st period - Stopped by Alex Nedeljkovic with a rebound. 7:36 of 1st period - Shot by Martin Necas. 7:36 of 1st period - Stopped by Semyon Varlamov without a rebound. 7:37 of 1st period - Dylan Cozens wins face-off versus Jack Roslovic in SAN JOSE BRONCOS zone. 7:41 of 1st period - Icing by Jake Walman. 7:42 of 1st period - Jack Roslovic wins face-off versus Dylan Cozens in SAN JOSE BRONCOS zone. 8:03 of 1st period - Shot by Cole Caufield. 8:03 of 1st period - Stopped by Alex Nedeljkovic with a rebound. 8:17 of 1st period - Shot by Oliver Bjorkstrand. 8:17 of 1st period - Stopped by Alex Nedeljkovic with a rebound. 8:19 of 1st period - Shot by Jake Bean. 8:19 of 1st period - Stopped by Alex Nedeljkovic without a rebound. 8:20 of 1st period - Theodor Blueger wins face-off versus Jeff Carter in SALEM BLACK JAYS zone. 9:00 of 1st period - Ilya Mikheyev is hit by Colin Miller and loses puck. 9:17 of 1st period - Shot by Brayden Point. 9:17 of 1st period - Stopped by Alex Nedeljkovic without a rebound. 9:18 of 1st period - Jack Roslovic wins face-off versus Dylan Cozens in SALEM BLACK JAYS zone. 9:25 of 1st period - Shot by Cole Caufield. 9:25 of 1st period - Goal by Cole Caufield - SALEM BLACK JAYS : 0 - SAN JOSE BRONCOS : 1. 9:26 of 1st period - Filip Chytil wins face-off versus Jack Roslovic in neutral zone. 10:00 of 1st period - Shot by Cole Caufield. 10:00 of 1st period - Stopped by Alex Nedeljkovic without a rebound. 10:01 of 1st period - Brayden Point wins face-off versus Dylan Cozens in SALEM BLACK JAYS zone. 11:02 of 1st period - Icing by Matthew Grzelcyk. 11:03 of 1st period - Jack Roslovic wins face-off versus Dylan Cozens in SALEM BLACK JAYS zone. 11:42 of 1st period - Shot by Dylan Larkin. 11:42 of 1st period - Deflect By Mikko Rantanen. 11:42 of 1st period - Stopped by Semyon Varlamov without a rebound. 11:43 of 1st period - Jeff Carter wins face-off versus Joe Snively in SAN JOSE BRONCOS zone. 11:43 of 1st period - Ilya Mikheyev is hit by Martin Necas and loses puck. 11:56 of 1st period - Shot by Theodor Blueger. 11:56 of 1st period - Stopped by Semyon Varlamov without a rebound. 11:57 of 1st period - Brayden Point wins face-off versus Dylan Larkin in SAN JOSE BRONCOS zone. 12:29 of 1st period - Shot by Mikko Rantanen. 12:29 of 1st period - Shot Blocked by Timothy Liljegren. 12:35 of 1st period - Shot by Dylan Larkin. 12:35 of 1st period - Shot Misses the Net. 12:45 of 1st period - Shot by Mikko Rantanen. 12:45 of 1st period - Stopped by Semyon Varlamov without a rebound. 12:46 of 1st period - Theodor Blueger wins face-off versus Jack Roslovic in SAN JOSE BRONCOS zone. 12:51 of 1st period - Shot by Martin Necas. 12:51 of 1st period - Shot Misses the Net. 13:12 of 1st period - Shot by Theodor Blueger. 13:12 of 1st period - Shot Misses the Net. 13:14 of 1st period - Shot by Theodor Blueger. 13:14 of 1st period - Shot Misses the Net. 13:24 of 1st period - Shot by Martin Necas. 13:24 of 1st period - Stopped by Semyon Varlamov without a rebound. 13:25 of 1st period - Dylan Cozens wins face-off versus Jeff Carter in SAN JOSE BRONCOS zone. 13:30 of 1st period - Shot by Dylan Cozens. 13:30 of 1st period - Stopped by Semyon Varlamov without a rebound. 13:31 of 1st period - Jeff Carter wins face-off versus Dylan Larkin in SAN JOSE BRONCOS zone. 13:51 of 1st period - Icing by Mitchell Marner. 13:52 of 1st period - Dylan Larkin wins face-off versus Brayden Point in SALEM BLACK JAYS zone. 14:07 of 1st period - Shot by Clayton Keller. 14:07 of 1st period - Shot Misses the Net. 14:17 of 1st period - Shot by Jesper Bratt. 14:17 of 1st period - Stopped by Alex Nedeljkovic with a rebound. 14:19 of 1st period - Shot by Jesper Bratt. 14:19 of 1st period - Shot Blocked by Nikita Zadorov. 14:21 of 1st period - Shot by Clayton Keller. 14:21 of 1st period - Shot Misses the Net. 14:42 of 1st period - Icing by Joshua Morrissey. 14:43 of 1st period - Dylan Larkin wins face-off versus Zach Benson in SALEM BLACK JAYS zone. 14:53 of 1st period - Icing by Timothy Liljegren. 14:54 of 1st period - Dylan Cozens wins face-off versus Zach Benson in SAN JOSE BRONCOS zone. 14:57 of 1st period - Shot by Dylan Cozens. 14:57 of 1st period - Stopped by Semyon Varlamov without a rebound. 14:58 of 1st period - Dylan Cozens wins face-off versus Jeff Carter in SAN JOSE BRONCOS zone. 14:59 of 1st period - Shot by Mathew Barzal. 14:59 of 1st period - Stopped by Semyon Varlamov without a rebound. 15:00 of 1st period - Dylan Cozens wins face-off versus Jack Roslovic in SAN JOSE BRONCOS zone. 15:39 of 1st period - Shot by Cole Caufield. 15:39 of 1st period - Shot Misses the Net. 16:17 of 1st period - Shot by Brett Leason. 16:17 of 1st period - Stopped by Alex Nedeljkovic without a rebound. 16:18 of 1st period - Filip Chytil wins face-off versus Brayden Point in SALEM BLACK JAYS zone. 16:26 of 1st period - Matthew Grzelcyk is hit by Jesper Bratt. 16:33 of 1st period - Minor Penalty to Nikita Zadorov for Hooking. 16:34 of 1st period - Theodor Blueger wins face-off versus Brayden Point in SALEM BLACK JAYS zone. 17:38 of 1st period - Shot by Cole Caufield. 17:38 of 1st period - Shot Hit the Post. 17:40 of 1st period - Shot by Oliver Bjorkstrand. 17:40 of 1st period - Stopped by Alex Nedeljkovic without a rebound. 17:41 of 1st period - Theodor Blueger wins face-off versus Jack Roslovic in SALEM BLACK JAYS zone. 18:44 of 1st period - Shot by Mitchell Marner. 18:44 of 1st period - Deflect By Mikko Rantanen. 18:44 of 1st period - Stopped by Semyon Varlamov with a rebound. 18:46 of 1st period - Shot by Mitchell Marner. 18:46 of 1st period - Shot Misses the Net. 18:48 of 1st period - Shot by Mikko Rantanen. 18:48 of 1st period - Deflect By Dylan Larkin. 18:48 of 1st period - Stopped by Semyon Varlamov without a rebound. 18:49 of 1st period - Brayden Point wins face-off versus Filip Chytil in SAN JOSE BRONCOS zone. 19:21 of 1st period - Minor Penalty to Thomas Harley for Slashing. 19:22 of 1st period - Dylan Larkin wins face-off versus Brayden Point in SAN JOSE BRONCOS zone. 19:27 of 1st period - Shot by Mathew Barzal. 19:27 of 1st period - Shot Misses the Net. 19:29 of 1st period - Shot by Matthew Grzelcyk. 19:29 of 1st period - Shot Misses the Net. 19:57 of 1st period - Shot by Mikko Rantanen. 19:57 of 1st period - Shot Misses the Net. Goals for this period are 0 for SALEM BLACK JAYS vs 1 for SAN JOSE BRONCOS. Shots for this period are 12 for SALEM BLACK JAYS vs 10 for SAN JOSE BRONCOS. 2nd period 0:01 of 2nd period - Brayden Point wins face-off versus Dylan Larkin in neutral zone. 0:29 of 2nd period - Shot by Joshua Morrissey. 0:29 of 2nd period - Shot Misses the Net. 1:29 of 2nd period - Icing by Jake Walman. 1:30 of 2nd period - Jeff Carter wins face-off versus Theodor Blueger in SAN JOSE BRONCOS zone. 2:07 of 2nd period - Shot by Martin Necas. 2:07 of 2nd period - Stopped by Semyon Varlamov without a rebound. 2:08 of 2nd period - Jack Roslovic wins face-off versus Dylan Larkin in SAN JOSE BRONCOS zone. 2:13 of 2nd period - Shot by Cole Caufield. 2:13 of 2nd period - Shot Misses the Net. 2:25 of 2nd period - Icing by Cole Caufield. 2:26 of 2nd period - Barrett Hayton wins face-off versus Cole Caufield in SAN JOSE BRONCOS zone. 2:28 of 2nd period - Mathew Barzal is hit by Timothy Liljegren and loses puck. 2:44 of 2nd period - Mathew Barzal is hit by Adam Pelech and loses puck. 2:58 of 2nd period - Minor Penalty to Timothy Liljegren for Hooking. 2:59 of 2nd period - Dylan Larkin wins face-off versus Brayden Point in SAN JOSE BRONCOS zone. 3:00 of 2nd period - Shot by Mikko Rantanen. 3:00 of 2nd period - Stopped by Semyon Varlamov without a rebound. 3:01 of 2nd period - Brayden Point wins face-off versus Dylan Larkin in SAN JOSE BRONCOS zone. 3:26 of 2nd period - Shot by Dylan Larkin. 3:26 of 2nd period - Shot Misses the Net. 3:28 of 2nd period - Shot by Mikko Rantanen. 3:28 of 2nd period - Shot Misses the Net. 3:36 of 2nd period - Shot by Joshua M